 Dungeon Crawl Stone Soup version 0.30-a0-311-gf115ab0292 (webtiles) character file.

Game seed: 2815966286829557330

76 neuroaktivo the Conjurer (level 4, 0/24 HPs)
             Began as a Deep Elf Conjurer on Oct 25, 2022.
             Slain by an ice beast (10 damage)
             ... on level 3 of the Dungeon.
             The game lasted 00:08:07 (2072 turns).

neuroaktivo the Conjurer (Deep Elf Conjurer)        Turns: 2072, Time: 00:08:08

Health: 0/24       AC:  3    Str:  4    XL:     4   Next: 12%
Magic:  5/12       EV: 11    Int: 25    God:
Gold:   198        SH:  0    Dex: 13    Spells: 9/12 levels left

rFire   . . .      SeeInvis .    m - +2 short sword (freeze)
rCold   . . .      Faith    .    (no shield)
rNeg    . . .      Spirit   .    i - +0 leather armour
rPois   .          Reflect  .    (no helmet)
rElec   .          Harm     .    (no cloak)
rCorr   .          Rampage  .    (no gloves)
Will    .....                    (no boots)
Stlth   ++........               (no amulet)
HPRegen 0.24/turn                (no ring)
MPRegen 0.13/turn                (no ring)

@: no status effects
A: no striking features
a: no special abilities


You were on level 3 of the Dungeon.
You visited 1 branch of the dungeon, and saw 3 of its levels.

You collected 198 gold pieces.

Inventory:

Hand Weapons
 m - a +2 short sword of freezing (weapon)
Armour
 a - a +0 robe
 i - a +0 leather armour (worn)
Scrolls
 c - a scroll of fear {unknown}
 d - 3 scrolls of magic mapping {unknown}
 e - 2 scrolls of identify {unknown}
 g - a scroll of poison {unknown}
 p - a scroll of noise {unknown}
 q - a scroll of teleportation {unknown}
Potions
 b - a potion of magic
 f - a potion of haste {unknown}
 h - a potion of curing {unknown}
 j - a potion of brilliance {unknown}
 k - 2 potions of attraction {unknown}
 l - a potion of cancellation {unknown}
 n - a potion of flight {unknown}
 o - a potion of mutation {unknown}


   Skills:
 - Level 2.4 Dodging
 - Level 2.4 Stealth
 + Level 4.7 Spellcasting
 + Level 5.4 Conjurations


You had 9 spell levels left.
You knew the following spells:

 Your Spells              Type           Power      Damage    Failure   Level
a - Magic Dart            Conj           100%       1d8       1%          1
b - Searing Ray           Conj           66%        2d6       2%          2

Your spell library contained the following spells:

 Spells                   Type           Power      Damage    Failure   Level
 Shock                    Conj/Air       76%        1d7       4%          1
 Dazzling Flash           Conj/Hex       38%        N/A       16%         3
 Swiftness                Air            5%         N/A       41%         3
 Fulminant Prism          Conj/Hex       9%         3d7       45%         4
 Iskenderun's Mystic Bla  Conj/Tloc      19%        2d6       45%         4
 Airstrike                Air            2%         2d(1-17)  83%         4


Dungeon Overview and Level Annotations

Branches:
Dungeon (3/15) Zot: 15928

Altars:
Sif Muna
Uskayaw

Annotations:
D:3 3 books when digging


Message History

Unknown command.
A ball python is nearby!
The magic dart hits the ball python.
You kill the ball python!
A kobold comes into view. It is wielding a +0 short sword.
The magic dart hits the kobold.
You kill the kobold!
You see here a ball python corpse.
You now have 198 gold pieces (gained 17).
An ice beast and a rat come into view.
The rat twitches its whiskers.
Unknown command.
Casting: Magic Dart (safe; 1% risk of failure)
Confirm with . or Enter, or press ? or * to list all spells.
Aiming: Searing Ray (safe; 2% risk of failure)
Press: ? - help, Shift-Dir - straight line, f - ice beast
Aim: an ice beast (81% to hit)
The searing ray hits the ice beast.
The ice beast is lightly wounded. (Press . to maintain the ray.)
The searing ray hits the ice beast.
The ice beast is moderately wounded.
The searing ray misses the ice beast.
The searing ray hits the ice beast!
The ice beast is heavily wounded.
The searing ray hits the rat!
You kill the rat!
You finish channelling your searing ray.
The ice beast hits you. The ice beast freezes you!
Ouch! That really hurt!
Casting: Searing Ray (safe; 2% risk of failure)
Confirm with . or Enter, or press ? or * to list all spells.
Aiming: Searing Ray (safe; 2% risk of failure)
Press: ? - help, Shift-Dir - straight line, f/p - ice beast
Aim: an ice beast (heavily wounded, 81% to hit)
The searing ray hits the ice beast!
The ice beast is severely wounded. (Press . to maintain the ray.)
The ice beast hits you. The ice beast freezes you!
You die...

#...# #♣.8#
#...# #♣.♣#
#...# #8.♣#
#...#
.##########8.8#
....†.Y@.##...#
.....###.....##
... ####### .


You could see an ice beast.

Vanquished Creatures
  3 worms
  2 dart slugs
  An orc (D:3)
  4 endoplasms (D:2)
  7 goblins
  5 hobgoblins
  9 jackals
  2 quokkas
  4 ball pythons
  3 bats (D:2)
  3 frilled lizards
  5 kobolds
  9 rats
57 creatures vanquished.

Notes
Turn   | Place    | Note
-------+----------+-------------------------------------------
     0 | D:1      | neuroaktivo the Deep Elf Conjurer began the quest for the
                  | Orb.
     0 | D:1      | Reached XP level 1. HP: 10/10 MP: 6/6
   209 | D:1      | Reached XP level 2. HP: 15/15 MP: 2/8
   309 | D:1      | Learned a level 2 spell: Searing Ray
   867 | D:2      | Reached skill level 5 in Conjurations
   867 | D:2      | Reached XP level 3. HP: 18/19 MP: 7/10
  1850 | D:3      | Reached XP level 4. HP: 24/24 MP: 9/12
  1947 | D:3      | Found a hide-covered altar of Uskayaw.
  1967 | D:3      | Found a shimmering blue altar of Sif Muna.
  2065 | D:3      | Noticed an ice beast
  2072 | D:3      | Slain by an ice beast

Illustrated notes

Levels and vault maps discovered:
D:1:      minmay_arrival_hallway, layout_rooms
D:2:      layout_loops_ring
D:3:      layout_rooms, nicolae_sif_muna_little_library,
          mainiacjoe_overflow_catwalk, hellmonk_ecumenical_altar_leap_of_faith,
          chequers_avenue, uniq_jessica, uniq_grinder

Skill      XL: |  1  2 |
---------------+-------+-----
Spellcasting   | 4 |  4.7
Conjurations   | 5 |  5.4
Dodging        | |  2.4
Stealth        | |  2.4

Action                   |  1- 3 |  4- 6 || total
-------------------------+-------+-------++-------
Melee: Short sword       |     2 |       ||     2
 Cast: Magic Dart        |    79 |    10 ||    89
       Searing Ray       |     6 |     2 ||     8
Armor: Leather armour    |     1 |       ||     1
Dodge: Dodged            |     3 |       ||     3

Table legend: (Time is in decaauts)
 A = Elapsed time spent in this place.
 B = Non-inter-level travel time spent in this place.
 C = Inter-level travel time spent in this place.
 D = Time resting spent in this place.
 E = Time spent auto-exploring this place.
 F = Levels seen in this place.
 G = Mean time per level.
                   A        B        C        D        E       F      G
               +--------+--------+--------+--------+--------+-----+--------+
         Total |   2070 |   2015 |     55 |      0 |   1770 |   3 |  690.0 |
       Dungeon |   2070 |   2015 |     55 |      0 |   1770 |   3 |  690.0 |
               +--------+--------+--------+--------+--------+-----+--------+

Top non-repeatable levels by time:
     D:2: 1037 daAuts
     D:1: 751 daAuts
     D:3: 281 daAuts
